[Event "Titled Tuesday Blitz March 21 Late 2023"]
[White "TimGrutter03"]
[Black "Hoffmann, Asa"]
[BlackFideId "2001470"]
[WhiteElo "2554"]
[BlackElo "2117"]
[Result "0-1"]
[Round "09"]
[TimeControl "180+2"]
[Date "2023.03.21"]
[WhiteClock "0:00:01"]
[BlackClock "0:01:06"]

1. e4 d6 2. d4 Nf6 3. Nc3 c6 4. Bg5 Nbd7 5. f4 Qa5 6. Qd2 e5 7. Nf3 h6 8. Bh4 exf4 9. O-O-O g5 10. Bf2 Ng4 11. Bg1 Bg7 12. h3 Ne3 13. Bxe3 fxe3 14. Qxe3 O-O 15. Bc4 d5 16. Bb3 Nf6 17. e5 Nh5 18. Nxg5 hxg5 19. Qxg5 Qd8 20. Qxh5 Be6 21. Rd3 f5 22. exf6 Qxf6 23. Re1 Qh6+ 24. Qxh6 Bxh6+ 25. Kd1 Bf5 26. Rg3+ Kh7 27. Re7+ Kh8 28. Rxb7 Rae8 29. Ba4 Bc8 30. Rf3 Bxb7 31. Nxd5 Rxf3 32. gxf3 Rd8 33. Nc3 Rxd4+ 34. Ke1 c5 35. Kf2 Bg7 36. Be8 Rf4 37. Bh5 Bxc3 38. bxc3 Rc4 39. Bg6 Rxc3 0-1


[Site "https://www.chess.com"]

[Event "Titled Tuesday Blitz March 21 Late 2023"]
[White "Mortazavi, Ali"]
[Black "Hindermann, Felix"]
[WhiteFideId "401323"]
[BlackFideId "1305212"]
[WhiteElo "2339"]
[BlackElo "2206"]
[Result "0-1"]
[Round "09"]
[TimeControl "180+2"]
[Date "2023.03.21"]
[WhiteClock "0:00:08"]
[BlackClock "0:00:04"]

1. e4 e6 2. d4 d5 3. e5 c5 4. c3 Qb6 5. Nf3 Nc6 6. Bd3 Bd7 7. O-O Rc8 8. h4 cxd4 9. Re1 h5 10. Nbd2 dxc3 11. bxc3 Nh6 12. Rb1 Qc7 13. c4 Ng4 14. cxd5 exd5 15. Nb3 Bb4 16. Bd2 Be6 17. Bxb4 Nxb4 18. Bb5+ Nc6 19. Nbd4 O-O 20. Bxc6 bxc6 21. Qd3 g6 22. Nxe6 fxe6 23. Qxg6+ Qg7 24. Qxe6+ Kh8 25. Ng5 Rce8 26. Qxc6 Nxf2 27. Rb7 Re7 28. Rxe7 Qxe7 29. Qh6+ Kg8 30. Qg6+ Kh8 31. Qxh5+ Kg8 32. Qg6+ Kh8 33. Rf1 Nh3+ 34. gxh3 Qc5+ 35. Kg2 Qc2+ 36. Kg3 Qxg6 37. Rxf8+ Kg7 38. Rf7+ Kg8 39. Rf4 Qd3+ 40. Kg4 d4 41. e6 Qe2+ 42. Kf5 d3 43. Ne4 d2 44. Rg4+ Kh8 45. Nf6 Qxg4+ 46. hxg4 d1=Q 47. e7 Qf3+ 48. Kg6 Qd3+ 49. Kf7 Qc4+ 50. Kf8 Qc5 51. Kf7 Qc4+ 52. Kg6 Qd3+ 53. Kh6 Qe3+ 54. Kg6 Qxe7 55. g5 Qg7+ 56. Kf5 Qc7 57. h5 Qc5+ 58. Kg6 Qc2+ 59. Kf7 Qxa2+ 60. Kf8 Qe6 61. h6 a5 62. Ne8 Kh7 63. Nf6+ Kg6 64. h7 Qf7# 0-1


[Site "https://www.chess.com"]

[Event "Titled Tuesday Blitz March 21 Late 2023"]
[White "Janaszak, Dawid"]
[Black "Krzywda, Andrzej"]
[WhiteFideId "1119206"]
[BlackFideId "1114565"]
[WhiteElo "2220"]
[BlackElo "2155"]
[Result "1-0"]
[Round "09"]
[TimeControl "180+2"]
[Date "2023.03.21"]
[WhiteClock "0:00:22"]
[BlackClock "0:00:01"]

1. e4 e5 2. Bc4 Nf6 3. d3 c6 4. Nf3 d5 5. Bb3 Bd6 6. Nc3 Be6 7. Bg5 Bc7 8. d4 exd4 9. Nxd4 O-O 10. exd5 cxd5 11. Qd2 Nc6 12. O-O-O Qb8 13. Kb1 Nd7 14. Bxd5 Nxd4 15. Qxd4 Be5 16. Qe3 Bxd5 17. Rxd5 Bxc3 18. Rxd7 Ba5 19. Rhd1 Bb6 20. Qf3 Qxh2 21. Be7 Rfe8 22. Bd6 Qh6 23. Qxf7+ Kh8 24. Be5 Rg8 25. f4 Raf8 26. Qd5 Qg6 27. Rh1 Rc8 28. Bc3 Be3 29. f5 Qg5 30. Qf3 Bb6 31. f6 gxf6 32. Bxf6+ Qxf6 33. Qxf6+ Rg7 34. Qxg7# 1-0


[Site "https://www.chess.com"]

[Event "Titled Tuesday Blitz March 21 Late 2023"]
[White "Munoz, Francisco Javier"]
[Black "Wizard_of_Odds"]
[WhiteFideId "128368"]
[WhiteElo "2383"]
[BlackElo "2373"]
[Result "1-0"]
[Round "09"]
[TimeControl "180+2"]
[Date "2023.03.21"]
[WhiteClock "0:00:20"]
[BlackClock "0:00:40"]

1. e4 e6 2. Nc3 d5 3. exd5 exd5 4. d4 c6 5. Bf4 Nf6 6. Qd3 Bg4 7. f3 Bh5 8. O-O-O Bg6 9. Qe3+ Qe7 10. Qd2 Qd7 11. g4 Bd6 12. Re1+ Kd8 13. h4 h6 14. Bh3 Qc7 15. Nge2 Na6 16. Bxd6 Qxd6 17. Nf4 Re8 18. g5 Nh5 19. Nxg6 Qxg6 20. Nxd5 cxd5 21. Qa5+ Nc7 22. Rxe8+ Kxe8 23. Qxc7 hxg5 24. Bc8 Qc6 25. Re1+ Kf8 26. Qd8+ Qe8 27. Rxe8# 1-0


[Site "https://www.chess.com"]

[Event "Titled Tuesday Blitz March 21 Late 2023"]
[White "Abduzhaparov"]
[Black "Petukhov, Dmitry"]
[BlackFideId "4142748"]
[WhiteElo "2370"]
[BlackElo "2311"]
[Result "0-1"]
[Round "09"]
[TimeControl "180+2"]
[Date "2023.03.21"]
[WhiteClock "0:00:06"]
[BlackClock "0:00:38"]

1. Nf3 Nf6 2. c4 g6 3. Nc3 d5 4. Qa4+ Bd7 5. Qb3 dxc4 6. Qxc4 Bg7 7. e4 O-O 8. e5 Ne8 9. d4 c6 10. h4 Bg4 11. Be2 Nc7 12. Ng5 Bxe2 13. Nxe2 Qd5 14. Qc2 h6 15. Nf3 Ne6 16. Be3 c5 17. Nc3 Qd8 18. dxc5 Nc6 19. Rd1 Qa5 20. a3 Rad8 21. O-O Qc7 22. Nd5 Qb8 23. b4 a6 24. Rd2 Rfe8 25. Rfd1 Nxe5 26. Nxe7+ Rxe7 27. Rxd8+ Nxd8 28. Nxe5 Bxe5 29. Bxh6 Ne6 30. h5 Bg7 31. hxg6 Bxh6 32. gxf7+ Kg7 33. Rd3 Rxf7 34. Rg3+ Bg5 35. Qe4 Qf4 36. Qe2 Nd4 37. Qb2 Kg6 38. Qb1+ Rf5 39. Qe1 Re5 40. Qb1+ Kf6 41. Re3 Rxe3 42. fxe3 Qxe3+ 43. Kh2 Bf4+ 44. Kh1 Qg3 45. Kg1 Be3+ 0-1


[Site "https://www.chess.com"]

[Event "Titled Tuesday Blitz March 21 Late 2023"]
[White "Cella, Glaucio Dalla Cortt"]
[Black "Fernandez Siles, Luis"]
[WhiteFideId "2119455"]
[BlackFideId "2209420"]
[WhiteElo "2011"]
[BlackElo "2186"]
[Result "1-0"]
[Round "09"]
[TimeControl "180+2"]
[Date "2023.03.21"]
[WhiteClock "0:00:54"]
[BlackClock "0:00:14"]

1. e4 c5 2. Nf3 Nc6 3. c3 Nf6 4. e5 Nd5 5. d4 cxd4 6. cxd4 d6 7. Nc3 dxe5 8. dxe5 Nxc3 9. Qxd8+ Nxd8 10. bxc3 a6 11. Be3 Nc6 12. Bd4 Be6 13. Bd3 Bd5 14. Ke2 e6 15. Ke3 Bxf3 16. Kxf3 O-O-O 17. Ke4 Nxd4 18. cxd4 Rd7 19. Rhc1+ Rc7 20. Rxc7+ Kxc7 21. Rc1+ Kb8 22. Rb1 Kc7 23. f4 Be7 24. a4 f5+ 25. Ke3 Rb8 26. Bc4 Kd7 27. Bxa6 Kc6 28. Bc4 g5 29. g3 gxf4+ 30. gxf4 Rg8 31. Bxe6 Rg2 32. d5+ Kc5 33. Rxb7 Bh4 34. d6 Rxh2 35. Bxf5 Bf2+ 36. Kf3 Bd4 37. d7 1-0


[Site "https://www.chess.com"]

[Event "Titled Tuesday Blitz March 21 Late 2023"]
[White "Reprintsev, Alexander"]
[Black "Wang, Alexander J"]
[WhiteFideId "14100541"]
[BlackFideId "30955270"]
[WhiteElo "2229"]
[BlackElo "2292"]
[Result "1-0"]
[Round "09"]
[TimeControl "180+2"]
[Date "2023.03.21"]
[WhiteClock "0:01:45"]
[BlackClock "0:01:18"]

1. e4 c5 2. b3 d6 3. Bb2 Nc6 4. f4 e6 5. Nc3 Nf6 6. Qe2 Be7 7. O-O-O O-O 8. g4 d5 9. g5 Nxe4 10. Nxe4 dxe4 11. Qxe4 Qd5 12. Bd3 Qxe4 13. Bxe4 Nd4 14. c3 Nf5 15. Nf3 g6 16. h4 Rb8 17. h5 b5 18. hxg6 fxg6 19. Rh3 Bb7 20. Bxb7 Rxb7 21. Re1 Bd6 22. Ne5 Ne7 23. c4 b4 24. Nd3 Bxf4 25. Nxf4 Rxf4 26. Rxe6 Nf5 27. Re8+ Kf7 28. Rc8 Re7 29. Rxh7+ Ke6 30. Rxe7+ Kxe7 31. Rxc5 Rf1+ 32. Kc2 Rf2 33. Bf6+ Kf7 34. Rc7+ Ke6 35. Rxa7 Ne3+ 36. Kd3 1-0


[Site "https://www.chess.com"]

[Event "Titled Tuesday Blitz March 21 Late 2023"]
[White "Lauridsen, Jesper Morch"]
[Black "Omelja, Artem"]
[WhiteFideId "1401890"]
[BlackFideId "14119846"]
[WhiteElo "2285"]
[BlackElo "2404"]
[Result "0-1"]
[Round "09"]
[TimeControl "180+2"]
[Date "2023.03.21"]
[WhiteClock "0:01:24"]
[BlackClock "0:02:34"]

1. e4 c5 2. Nf3 Nc6 3. d4 cxd4 4. Nxd4 Nf6 5. Nc3 e5 6. Ndb5 d6 7. Nd5 Nxd5 8. exd5 Nb8 9. c3 Be7 10. a4 O-O 11. Be2 f5 12. O-O f4 13. Bg4 Nd7 14. Be6+ Kh8 15. g3 a6 16. Na3 f3 17. Bg4 e4 18. Nc4 Nf6 19. Bxc8 Qxc8 20. Ne3 Qh3 21. Kh1 Ng4 22. Nxg4 Qg2# 0-1


[Site "https://www.chess.com"]

[Event "Titled Tuesday Blitz March 21 Late 2023"]
[White "angelgab3"]
[Black "Battlecruiser_Operational"]
[WhiteElo "2523"]
[BlackElo "2273"]
[Result "1-0"]
[Round "09"]
[TimeControl "180+2"]
[Date "2023.03.21"]
[WhiteClock "0:00:11"]
[BlackClock "0:00:02"]

1. e4 e6 2. d4 d5 3. Nc3 h6 4. Nf3 Nf6 5. Bd3 c5 6. exd5 cxd4 7. Bb5+ Bd7 8. Bxd7+ Qxd7 9. dxe6 Qxe6+ 10. Ne2 Nc6 11. O-O Bc5 12. Re1 O-O-O 13. Nexd4 Bxd4 14. Rxe6 Bxf2+ 15. Kxf2 Rxd1 16. Re1 Rxe1 17. Nxe1 Rd8 18. h3 Ne4+ 19. Kf3 f5 20. Be3 g5 21. Nd3 b5 22. Re1 Nd4+ 23. Bxd4 Rxd4 24. g4 fxg4+ 25. hxg4 Nf6 26. Re5 a6 27. Re6 Nxg4 28. Rxa6 Kc7 29. Re6 h5 30. Re7+ Kd6 31. Rg7 1-0


[Site "https://www.chess.com"]

[Event "Titled Tuesday Blitz March 21 Late 2023"]
[White "Goncalves, Davi Sulzbacher"]
[Black "Vadim_Galchenko"]
[WhiteFideId "2154510"]
[WhiteElo "2182"]
[BlackElo "2241"]
[Result "0-1"]
[Round "09"]
[TimeControl "180+2"]
[Date "2023.03.21"]
[WhiteClock "0:00:10"]
[BlackClock "0:00:10"]

1. Nf3 f5 2. g3 Nf6 3. Bg2 g6 4. O-O Bg7 5. d4 O-O 6. c4 d6 7. Nc3 c6 8. b3 e5 9. dxe5 dxe5 10. Ba3 Qxd1 11. Raxd1 Re8 12. Rd2 e4 13. Nd4 Na6 14. e3 Ng4 15. Rfd1 Ne5 16. Nde2 Be6 17. Nf4 Nd3 18. Nxd3 Bxc3 19. Rc2 Bf6 20. Nf4 Rad8 21. Rxd8 Bxd8 22. Rd2 Ba5 23. Rd6 Bc8 24. Kf1 Bc7 25. Rd1 Be5 26. h4 Kf7 27. Bd6 Rd8 28. c5 Nxc5 29. Bxe5 Rxd1+ 30. Ke2 Rd8 31. Bd4 Ne6 32. Nxe6 Bxe6 33. Ke1 b6 34. Bf1 c5 35. Be5 Rd5 36. Bb8 Rd7 37. Bb5 Rb7 38. Bd6 a6 39. Bc6 Ra7 40. Bb8 Re7 41. Bd6 Bd7 42. Bd5+ Be6 43. Bc6 Kf6 44. Bxe7+ Kxe7 45. Kd2 Kd6 46. Bb7 a5 47. Kc3 b5 48. a3 Kc7 49. Ba8 Kb6 50. b4 h6 51. f3 exf3 52. Bxf3 axb4+ 53. axb4 cxb4+ 54. Kxb4 Bc4 55. g4 fxg4 56. Bxg4 Kc7 57. Bf3 Kd6 58. Be4 g5 59. hxg5 hxg5 60. Bf3 Ke5 61. Kc5 Kf5 62. Kd4 g4 63. Be4+ Kg5 64. Bc6 Kh4 65. e4 g3 66. e5 Kh3 67. e6 Bxe6 68. Ke3 b4 0-1


[Site "https://www.chess.com"]

[Event "Titled Tuesday Blitz March 21 Late 2023"]
[White "ilya2700"]
[Black "Papayan, Oleg"]
[BlackFideId "4193911"]
[WhiteElo "2174"]
[BlackElo "2153"]
[Result "1-0"]
[Round "09"]
[TimeControl "180+2"]
[Date "2023.03.21"]
[WhiteClock "0:00:49"]
[BlackClock "0:00:01"]

1. e4 d5 2. exd5 Qxd5 3. Nf3 Bg4 4. Be2 Nc6 5. d4 O-O-O 6. c4 Qf5 7. Be3 e5 8. d5 Nf6 9. O-O Bxf3 10. Bxf3 e4 11. Be2 h5 12. Qa4 Ne5 13. Qxa7 Nf3+ 14. Kh1 Ng4 15. c5 Rxd5 16. Nc3 Qe5 17. g3 h4 18. Bb5 c6 19. Nxd5 Qxd5 20. Qa8+ Kc7 21. Bf4+ Nge5 22. Rad1 hxg3 23. Bxg3 Qxc5 24. Qd8# 1-0


[Site "https://www.chess.com"]

[Event "Titled Tuesday Blitz March 21 Late 2023"]
[White "Baskakov, Egor"]
[Black "Hon, Eric"]
[WhiteFideId "24197866"]
[BlackFideId "2097117"]
[WhiteElo "2212"]
[BlackElo "1918"]
[Result "1-0"]
[Round "09"]
[TimeControl "180+2"]
[Date "2023.03.21"]
[WhiteClock "0:02:58"]
[BlackClock "0:02:43"]

1. e4 c5 2. Nf3 d6 3. d4 Nf6 4. Nc3 cxd4 5. Nxd4 Nc6 6. g3 g6 7. Nde2 Bg7 8. Bg2 O-O 9. h3 Be6 10. O-O d5 11. exd5 1-0


[Site "https://www.chess.com"]

[Event "Titled Tuesday Blitz March 21 Late 2023"]
[White "Ronka, Erik"]
[Black "Spata, German"]
[WhiteFideId "505080"]
[BlackFideId "113026"]
[WhiteElo "2264"]
[BlackElo "2238"]
[Result "0-1"]
[Round "09"]
[TimeControl "180+2"]
[Date "2023.03.21"]
[WhiteClock "0:00:06"]
[BlackClock "0:00:05"]

1. e4 g6 2. d4 Bg7 3. c4 d6 4. Nc3 Nf6 5. f3 O-O 6. Be3 e5 7. Nge2 exd4 8. Nxd4 Nc6 9. Qd2 Nd7 10. O-O-O a5 11. h4 h5 12. Kb1 Nxd4 13. Bxd4 Ne5 14. Be2 Be6 15. b3 a4 16. f4 Ng4 17. Bxg7 Kxg7 18. Bd3 axb3 19. axb3 c5 20. f5 Bd7 21. Nd5 Bc6 22. Qc3+ f6 23. Nf4 Re8 24. Nxg6 Nf2 25. Nf4 Nxe4 26. Bxe4 Bxe4+ 27. Kb2 Bxf5 28. Nxh5+ Kh6 29. Nf4 Re4 30. Nd5 Re2+ 31. Rd2 Rxd2+ 32. Qxd2+ Kg7 33. Ra1 Rxa1 34. Kxa1 Qe8 35. Qf4 Qe5+ 36. Qxe5 fxe5 37. Kb2 Be4 38. Ne3 Kf6 39. g4 Bc6 40. Kc3 b5 41. Kd2 b4 42. Ke2 Be4 43. Kd2 Ke6 44. Ke2 Kf6 45. Kf2 Ke6 46. Kg3 d5 47. cxd5+ Bxd5 48. Nxd5 Kxd5 49. g5 Ke6 50. Kg4 c4 51. bxc4 b3 52. Kh5 b2 53. Kh6 b1=Q 54. g6 Kf6 55. h5 Qc1+ 56. Kh7 Qxc4 57. h6 Qe4 58. Kh8 Qxg6 59. h7 Qe8# 0-1


[Site "https://www.chess.com"]

[Event "Titled Tuesday Blitz March 21 Late 2023"]
[White "Zhurbinsky, David"]
[Black "liwadas82"]
[WhiteFideId "2072904"]
[WhiteElo "2596"]
[BlackElo "2408"]
[Result "0-1"]
[Round "09"]
[TimeControl "180+2"]
[Date "2023.03.21"]
[WhiteClock "0:00:07"]
[BlackClock "0:00:15"]

1. e4 e5 2. Nf3 Nc6 3. Bb5 a6 4. Ba4 Nf6 5. O-O b5 6. Bb3 Bb7 7. d3 Bc5 8. c3 d6 9. h3 h6 10. Re1 Qe7 11. Nbd2 O-O-O 12. Nf1 g5 13. Ng3 g4 14. Nf5 Qd7 15. hxg4 Nxg4 16. d4 Bb6 17. a4 Rhg8 18. axb5 axb5 19. Bd5 Ne7 20. Bxb7+ Kxb7 21. N3h4 Nxf5 22. Nxf5 exd4 23. cxd4 Rde8 24. Qb3 Qxf5 25. f3 Bxd4+ 26. Kf1 Nh2+ 27. Ke2 Rxg2+ 28. Kd1 Qxf3+ 29. Qxf3 Nxf3 30. Rf1 Ne5 31. Bxh6 Rh8 32. Bf4 Rhg8 33. Ra3 Rg1 34. Ke2 R8g2+ 35. Ke1 Rxf1+ 36. Kxf1 Rxb2 37. Ke1 b4 38. Rh3 b3 39. Kd1 Rb1+ 40. Kd2 b2 41. Kc2 Rf1 42. Rb3+ Kc8 43. Bd2 Rf2 44. Kd1 Nc4 45. Bg5 Rf1+ 46. Kc2 Rf2+ 47. Kd1 Kd7 48. Bh4 Rf1+ 49. Be1 Bf2 50. Ke2 Rxe1+ 51. Kxf2 b1=Q 52. Rc3 Rf1+ 53. Kg3 Qe1+ 54. Kg4 Qxe4+ 55. Kg5 Qg6+ 56. Kh4 Rh1+ 57. Rh3 Qh6+ 58. Kg4 Ne5+ 59. Kf5 Qg6+ 60. Kf4 Qg4+ 61. Ke3 Rxh3+ 62. Kf2 Qf3+ 63. Ke1 Qg2 64. Kd1 Rh1# 0-1


[Site "https://www.chess.com"]

[Event "Titled Tuesday Blitz March 21 Late 2023"]
[White "Melikhov, Evgeny V."]
[Black "Yelisieiev, Yevhenii"]
[WhiteFideId "4122046"]
[BlackFideId "14139642"]
[WhiteElo "2158"]
[BlackElo "2447"]
[Result "1/2-1/2"]
[Round "09"]
[TimeControl "180+2"]
[Date "2023.03.21"]
[WhiteClock "0:00:02"]
[BlackClock "0:00:04"]

1. d4 d6 2. Bg5 Nf6 3. Bxf6 exf6 4. e3 g6 5. Bd3 Bg7 6. Nd2 O-O 7. c3 b6 8. Ndf3 Bb7 9. Ne2 Nd7 10. O-O f5 11. Nf4 Nf6 12. a4 a6 13. a5 b5 14. c4 c6 15. Qc2 Re8 16. b4 bxc4 17. Bxc4 Ne4 18. Rfd1 Qc7 19. Rac1 Rab8 20. h4 Qd7 21. h5 d5 22. Be2 g5 23. Nd3 f6 24. Nc5 Nxc5 25. Qxc5 Bf8 26. Qc2 Rec8 27. Bd3 f4 28. Bf5 Qd6 29. Bxc8 Rxc8 30. Qf5 fxe3 31. fxe3 Re8 32. Qd3 Bc8 33. Rc5 Bh6 34. Rdc1 g4 35. Rxc6 Qd7 36. Rc7 Qf5 37. Rxc8 Qxd3 38. Rxe8+ Kf7 39. Rcc8 Bxe3+ 40. Kh2 Bf4+ 41. Kg1 gxf3 42. Rf8+ Ke6 43. Rc6+ Kd7 44. Rcxf6 f2+ 45. Kxf2 Qxd4+ 46. Kf3 Be5 47. R8f7+ Ke8 48. Rf8+ Kd7 49. R8f7+ Kc8 50. Rf8+ Kb7 51. R8f7+ Bc7 52. Rb6+ Kc8 53. Rc6 Qe4+ 54. Kf2 Qd4+ 55. Kf3 Qe4+ 56. Kf2 Qd4+ 57. Kf3 1/2-1/2


[Site "https://www.chess.com"]

[Event "Titled Tuesday Blitz March 21 Late 2023"]
[White "Quinones Garcia, Santiago"]
[Black "TigranHH"]
[WhiteFideId "4408497"]
[WhiteElo "2263"]
[BlackElo "2320"]
[Result "1-0"]
[Round "09"]
[TimeControl "180+2"]
[Date "2023.03.21"]
[WhiteClock "0:01:07"]
[BlackClock "0:00:16"]

1. d4 Nf6 2. c4 e6 3. Nf3 d5 4. g3 Bb4+ 5. Bd2 Be7 6. Bg2 O-O 7. O-O Ne4 8. Bf4 c6 9. Qc2 Nd7 10. Nbd2 g5 11. Be3 Nd6 12. b3 Nf5 13. Qd3 Nxe3 14. Qxe3 Bf6 15. Rad1 b6 16. Ne5 Nxe5 17. dxe5 Bg7 18. Ne4 Bxe5 19. Nxg5 Qf6 20. Nf3 Bd6 21. cxd5 cxd5 22. Qd3 a5 23. Rfe1 Ba6 24. Qd2 Bb4 25. Qc2 Bxe1 26. Rxe1 Rac8 27. Qd2 Rc5 28. Nd4 e5 29. Nf3 d4 30. b4 Rc3 31. bxa5 bxa5 32. Ng5 Qg7 33. Ne4 Rc7 34. Qxa5 Rc6 35. Nc5 Rxc5 36. Qxc5 Qf6 37. Bf3 Qe6 38. a4 Rc8 39. Qa7 Bc4 40. a5 Bd5 41. Bxd5 Qxd5 42. a6 e4 43. Rb1 d3 44. exd3 exd3 45. Rb8 Rxb8 46. Qxb8+ Kg7 47. a7 d2 48. Qb2+ f6 49. Qxd2 Qxd2 50. a8=Q Qd1+ 51. Kg2 Qd4 52. h4 Qe5 53. Kh3 Qe6+ 54. Kg2 Qe5 55. Qf3 Qd4 56. Qc6 Qe5 57. g4 Qf4 58. f3 Qd2+ 59. Kg3 Qe3 60. Qd7+ Kg6 61. Qf5+ Kg7 62. Qe4 Qg1+ 63. Kf4 Qh2+ 64. Kf5 Qxh4 65. Qe7+ Kg8 66. Qxf6 Qf2 67. Qd8+ Kg7 68. Qd7+ Kg8 69. Qc8+ Kg7 70. Qb7+ Kg8 71. Qd5+ Kg7 72. f4 Qc2+ 73. Kg5 Qf2 74. Qd7+ Kg8 75. Qc8+ Kg7 76. Qc7+ Kg8 77. Kf6 Qb2+ 78. Qe5 Qb6+ 79. Qe6+ Qxe6+ 80. Kxe6 Kg7 81. Ke7 Kg6 82. f5+ 1-0


[Site "https://www.chess.com"]

[Event "Titled Tuesday Blitz March 21 Late 2023"]
[White "Balla, Tamas-Kristof"]
[Black "Jiganchine, Roman"]
[WhiteFideId "1208497"]
[BlackFideId "2603667"]
[WhiteElo "2334"]
[BlackElo "2319"]
[Result "0-1"]
[Round "09"]
[TimeControl "180+2"]
[Date "2023.03.21"]
[WhiteClock "0:00:01"]
[BlackClock "0:00:05"]

1. e4 c6 2. d4 d5 3. exd5 cxd5 4. c4 Nf6 5. Nc3 Nc6 6. Bg5 dxc4 7. d5 Na5 8. Bxc4 Nxc4 9. Qa4+ Bd7 10. Qxc4 Rc8 11. Qd3 Qb6 12. O-O-O g6 13. Bxf6 Qxf6 14. Nf3 Bg7 15. h4 O-O 16. h5 Bf5 17. Qe3 Qa6 18. hxg6 Qxa2 19. gxf7+ Kh8 20. Nd4 Qb1+ 21. Kd2 Qxb2+ 22. Ke1 Rxc3 23. Qxe7 Bg6 24. Ne6 Rc1 25. Nxf8 Qc3+ 26. Ke2 Qc2+ 27. Rd2 Qc4+ 28. Kf3 Rc3+ 29. Qe3 Rxe3+ 30. fxe3 Bxf8 31. d6 Qc6+ 32. Ke2 Qd7 33. Rf1 Kg7 34. Rd4 Bxf7 35. Rdf4 Bg6 36. Rxf8 Qxd6 37. R8f4 Qa3 38. Rd1 Qb2+ 39. Kf1 Qb5+ 40. Kg1 Qe5 41. Rd7+ Kh6 42. Rdd4 Qxe3+ 43. Kh2 Qe6 44. Rh4+ Kg7 45. Rhf4 b5 46. Rb4 a6 47. Rbd4 Qe5 48. Kg1 Kh6 49. Kf2 Kg7 50. Rd7+ Kh6 51. Rdd4 a5 52. Rh4+ Kg7 53. Rhg4 Qe6 54. Kg3 b4 55. Rc4 Qe5+ 56. Kh3 Qd6 57. Rcd4 Qe6 58. Rc4 h5 59. Rc7+ Kh6 60. Rc6 Qxg4+ 61. Kh2 Qf4+ 62. Kh1 Qe4 63. Rf6 Qe5 64. Ra6 Qe8 65. g3 Qb8 66. Kh2 b3 67. Kh3 b2 68. Rxa5 b1=Q 69. Ra2 Qh1+ 70. Rh2 Qc8+ 71. g4 Qxg4# 0-1


[Site "https://www.chess.com"]

[Event "Titled Tuesday Blitz March 21 Late 2023"]
[White "Przybylski, Wojciech"]
[Black "ritanovikova"]
[WhiteFideId "1117599"]
[WhiteElo "2222"]
[BlackElo "2218"]
[Result "0-1"]
[Round "09"]
[TimeControl "180+2"]
[Date "2023.03.21"]
[WhiteClock "0:00:02"]
[BlackClock "0:00:47"]

1. e4 d5 2. exd5 Qxd5 3. Nc3 Qd6 4. Nge2 Nf6 5. b3 a6 6. a4 Nc6 7. Ba3 Qd8 8. g3 g6 9. Bg2 Bg4 10. O-O Bg7 11. h3 Bd7 12. d4 Qc8 13. d5 Nd8 14. Nf4 O-O 15. Bxe7 Re8 16. Re1 g5 17. Nd3 Bxh3 18. d6 Bxg2 19. Kxg2 cxd6 20. Na2 Ne6 21. Bxf6 Bxf6 22. Rc1 Nd4 23. c3 Qc6+ 24. Kh3 Qd7+ 25. Qg4 Qxg4+ 26. Kxg4 Ne2 27. Rc2 h5+ 28. Kxh5 Nxc3 29. Rxe8+ Rxe8 30. Nxc3 Rc8 31. Ne4 Rxc2 32. Nxf6+ Kg7 33. Kxg5 Rc3 34. Ne8+ Kf8 35. Nxd6 Rxd3 36. Nxb7 Rxb3 37. Nc5 Rb6 38. Kf4 Ke7 39. Ke3 Rb1 40. Kd4 a5 41. f4 Rb4+ 42. Kd5 f5 43. Ke5 Rb1 44. Kxf5 Rc1 45. Nb3 Rc4 46. Ke5 Rxa4 47. g4 Rb4 48. Nc5 Rb5 49. Kd4 Rb4+ 50. Kd5 Rxf4 51. g5 a4 52. g6 Rg4 0-1


[Site "https://www.chess.com"]

[Event "Titled Tuesday Blitz March 21 Late 2023"]
[White "Toniutti, Ezio"]
[Black "olga-belka"]
[WhiteFideId "113034"]
[WhiteElo "2215"]
[BlackElo "2265"]
[Result "0-1"]
[Round "09"]
[TimeControl "180+2"]
[Date "2023.03.21"]
[WhiteClock "0:01:00"]
[BlackClock "0:00:59"]

1. d4 Nf6 2. c4 g6 3. Nc3 d5 4. Bg5 Ne4 5. Bh4 Nxc3 6. bxc3 Bg7 7. e3 O-O 8. Be2 dxc4 9. Bxc4 c5 10. Nf3 Nc6 11. O-O Qc7 12. Rc1 b6 13. Qe2 Na5 14. Bd3 Bb7 15. e4 e6 16. Bg3 Qe7 17. Rfd1 Rac8 18. h4 cxd4 19. cxd4 Qb4 20. Qe3 Rfd8 21. h5 Nc4 22. Bxc4 Rxc4 23. Rxc4 Qxc4 24. Be5 Bxe5 25. Nxe5 Qc2 26. Re1 Kg7 27. h6+ Kf8 28. Qf4 f5 29. Qxf5+ exf5 0-1


[Site "https://www.chess.com"]

[Event "Titled Tuesday Blitz March 21 Late 2023"]
[White "Pinheiro, Iung Alicio de O."]
[Black "Meunier-Pion, Jean"]
[WhiteFideId "2104350"]
[BlackFideId "20685327"]
[WhiteElo "2283"]
[BlackElo "2124"]
[Result "0-1"]
[Round "09"]
[TimeControl "180+2"]
[Date "2023.03.21"]
[WhiteClock "0:00:02"]
[BlackClock "0:00:07"]

1. c4 e5 2. g3 Nf6 3. Bg2 d5 4. cxd5 Nxd5 5. Nc3 Nb6 6. Nf3 Nc6 7. O-O Be7 8. a4 O-O 9. a5 Nc4 10. a6 Rb8 11. d3 Nb6 12. axb7 Bxb7 13. Be3 Re8 14. Na4 Nd7 15. Rc1 Bf8 16. Ng5 Nd4 17. Ne4 f5 18. Nd2 Bxg2 19. Kxg2 Nf6 20. Bxd4 exd4 21. Nf3 c5 22. Rc4 Qd5 23. Qc2 g5 24. Kg1 g4 25. Nh4 Rb5 26. Rc1 Re5 27. Ng2 Bh6 28. Ra1 Nh5 29. b4 f4 30. Rxc5 Rxc5 31. bxc5 fxg3 32. hxg3 Nxg3 33. fxg3 Rh5 34. Qc4 Be3+ 35. Nxe3 Rh1+ 36. Kf2 dxe3+ 37. Kxe3 Qxc4 38. dxc4 Rxa1 0-1


[Site "https://www.chess.com"]

[Event "Titled Tuesday Blitz March 21 Late 2023"]
[White "Hajiyev, Kanan"]
[Black "Beulen, Marcel"]
[WhiteFideId "13404148"]
[BlackFideId "1001450"]
[WhiteElo "2103"]
[BlackElo "2379"]
[Result "1-0"]
[Round "09"]
[TimeControl "180+2"]
[Date "2023.03.21"]
[WhiteClock "0:00:03"]
[BlackClock "0:00:01"]

1. d4 d5 2. Nf3 Nf6 3. c4 c6 4. cxd5 cxd5 5. Nc3 Nc6 6. Bg5 Ne4 7. Bf4 Nxc3 8. bxc3 g6 9. e3 Bg7 10. Bd3 O-O 11. O-O b6 12. e4 dxe4 13. Bxe4 Bb7 14. Qe2 Rc8 15. Rfe1 e6 16. Bg5 Qd7 17. Rad1 Rfe8 18. h4 f6 19. Bf4 Na5 20. Bxb7 Qxb7 21. Bd2 Nc4 22. h5 Qd5 23. hxg6 hxg6 24. Qd3 Qf5 25. Qe2 Kf7 26. g3 Qd5 27. Bf4 g5 28. Bc1 Rc6 29. Nxg5+ fxg5 30. Qh5+ Kf8 31. Bxg5 Qf5 32. g4 Qf7 33. Qh4 Nd6 34. Re3 Kg8 35. Kg2 Qg6 36. Rh1 Nf7 37. Bf4 e5 38. dxe5 Rce6 39. Bg3 Rxe5 40. Rf3 1-0


[Site "https://www.chess.com"]

[Event "Titled Tuesday Blitz March 21 Late 2023"]
[White "ArturoCaceres"]
[Black "Romkachess"]
[WhiteElo "2378"]
[BlackElo "2497"]
[Result "1-0"]
[Round "09"]
[TimeControl "180+2"]
[Date "2023.03.21"]
[WhiteClock "0:00:16"]
[BlackClock "0:00:03"]

1. e4 c5 2. Nf3 d6 3. d4 cxd4 4. Nxd4 Nf6 5. Nc3 a6 6. Bg5 e6 7. f4 Qc7 8. Qf3 Nc6 9. O-O-O Be7 10. Nxc6 Qxc6 11. Bd3 Bd7 12. Rhe1 h6 13. Bxf6 Bxf6 14. Nd5 O-O-O 15. Nxf6 gxf6 16. Kb1 Kb8 17. f5 Rhg8 18. g4 Bc8 19. Qf4 Qc5 20. Qxh6 Qe5 21. h3 Rh8 22. Qe3 Rh4 23. Rf1 d5 24. Rde1 d4 25. Qf3 Rdh8 26. Rh1 a5 27. Ref1 R8h6 28. a3 b6 29. Bc4 Bb7 30. fxe6 fxe6 31. Bd3 a4 32. Re1 Ka7 33. Ref1 b5 34. Qe2 Kb6 35. Qf2 Kc5 36. c3 Bxe4 37. cxd4+ Qxd4 38. Rc1+ Kd5 39. Bxe4+ Kxe4 40. Rhe1+ Kd5 41. Red1 Qxd1 42. Rxd1+ Kc6 43. Qc2+ Kb6 44. Rd6+ Ka5 45. Qc7# 1-0


[Site "https://www.chess.com"]

[Event "Titled Tuesday Blitz March 21 Late 2023"]
[White "Golubev, Mikhail"]
[Black "Davidson, Kevin"]
[WhiteFideId "14100983"]
[BlackFideId "2056810"]
[WhiteElo "2374"]
[BlackElo "2151"]
[Result "1-0"]
[Round "09"]
[TimeControl "180+2"]
[Date "2023.03.21"]
[WhiteClock "0:00:38"]
[BlackClock "0:00:09"]

1. e4 c5 2. Nf3 d6 3. d4 cxd4 4. Nxd4 Nf6 5. Nc3 a6 6. Bc4 e6 7. O-O b5 8. Bb3 Be7 9. Qf3 Qb6 10. Be3 Qb7 11. Qg3 Nbd7 12. Rad1 Ne5 13. f4 Nc4 14. Bxc4 bxc4 15. e5 Ne4 16. Qxg7 Rf8 17. exd6 Bf6 18. d7+ Bxd7 19. Nxe4 Qxe4 20. Qxf6 Rg8 21. Rf3 Bc6 22. Nxc6 Qxc6 23. Rg3 Rxg3 24. hxg3 1-0


[Site "https://www.chess.com"]